 Dungeon Crawl Stone Soup version 0.30.0 (webtiles) character file.

Game seed: 16110011948194817447

139 Ayyar the Ruffian (level 5, -8/41 HPs)
             Began as a Draconian Transmuter on May 18, 2023.
             Killed by nerve-wracking pain
             ... invoked by an orc priest
              (11 damage)
             ... on level 3 of the Dungeon.
             The game lasted 00:08:54 (1737 turns).

Ayyar the Ruffian (Draconian Transmuter)            Turns: 1737, Time: 00:08:55

Health: -8/41      AC:  5    Str: 13 (14) XL:     5   Next: 1%
Magic:  6/8        EV: 12    Int: 12 (13) God:
Gold:   105        SH:  0    Dex:  9 (12) Spells: 7/8 levels left

rFire   . .          .
                       - Unarmed
rCold   . . .        (no shield)
rNeg    . . .        (body armour unavailable)
rPois   .            (helmet restricted)
rElec   .            (no cloak)
rCorr   .            (no gloves)
SInv    .            (no boots)
Will    .....        (no amulet)
Stlth   +            (no ring)
HPRegen 0.26/turn    (no ring)
MPRegen 0.11/turn

%: random rage (3%)
@: no status effects
A: AC +5, unfitting armour, cold-blooded, berserk 1, wild magic 1
a: no special abilities


You were on level 3 of the Dungeon.
You visited 1 branch of the dungeon, and saw 3 of its levels.

You collected 105 gold pieces.

Inventory:

Missiles
 l - 8 poisoned darts
Armour
 g - a +0 pair of gloves
Scrolls
 b - a scroll of butterflies {unknown}
 c - a scroll of identify {unknown}
 e - a scroll of teleportation {unknown}
 h - a scroll of amnesia {unknown}
 i - a scroll of torment {unknown}
 o - a scroll of enchant armour {unknown}
 p - a scroll of fog {unknown}
 q - a scroll of vulnerability {unknown}
 r - a scroll of blinking {unknown}
 s - a scroll of immolation {unknown}
Potions
 a - 2 potions of lignification
 d - a potion of resistance {unknown}
 f - a potion of mutation
 j - a potion of haste {unknown}
 k - a potion of brilliance {unknown}
 n - a potion of flight {unknown}


   Skills:
 + Level 2.2 Fighting
 + Level 2.3 Dodging
 + Level 1.5 Stealth
 * Level 3.9 Unarmed Combat
 + Level 2.4 Spellcasting
 + Level 2.7 Transmutations


You had 7 spell levels left.
You knew the following spells:

 Your Spells              Type           Power      Damage    Failure   Level
a - Beastly Appendage     Tmut           20%        N/A       13%         1

Your spell library contained the following spells:

 Spells                   Type           Power      Damage    Failure   Level
 Wereblood                Tmut           10%        N/A       19%         2
 Apportation              Tloc           2%         N/A       34%         1
 Foxfire                  Conj/Fire      4%         2x1d4     34%         1
 Spider Form              Tmut/Pois      6%         N/A       50%         3
 Dazzling Flash           Conj/Hex       2%         N/A       69%         3
 Ice Form                 Ice/Tmut       6%         N/A       88%         4
 Alistair's Intoxication  Tmut/Pois      4%         N/A       99%         5
 Agony                    Necr           1%         N/A       100%        5
 Fireball                 Conj/Fire      0%         3d3       100%        5
 Silence                  Hex/Air        0%         N/A       100%        5
 Plasma Beam              Fire/Air       0%         2x1d11    100%        6
 Starburst                Conj/Fire      0%         6d3       100%        6


Dungeon Overview and Level Annotations

Branches:
Dungeon (3/15)

Altars:
Okawaru
Trog


Innate Abilities, Weirdness & Mutations

Your plain brown scales are hard. (AC +5)
You cannot fit into any form of body armour.
You are cold-blooded and may be slowed by cold attacks.
You sometimes lose your temper in combat.
Your spells are a little harder to cast, but a little more powerful.


Message History

The orc priest miscasts a cantrip.
You hit something but do no damage. You claw something. Something hits you.
You barely miss something.
Your tail-slap misses something.
You hit something. Your kick misses something. You headbutt something.
Reactivating autopickup.
You feel a bit more experienced.
You have reached level 5!
You barely miss the orc priest. Your punch misses the orc priest.
The orc priest is lightly wounded.
The orc priest hits you but does no damage.
You closely miss the orc priest.
You headbutt the orc priest, but do no damage.
The orc priest is lightly wounded.
Deactivating autopickup; reactivate with Ctrl-A.
You barely miss something.
Your horns disappear.
Your talons disappear.
The orc priest hits you with a +0 dagger.
Something hits you but does no damage.
You are too injured to fight recklessly!
You hit the orc priest.
The orc priest is heavily wounded.
The orc priest hits you but does no damage.
Something hits you but does no damage.
You hit the orc priest but do no damage.
The orc priest is heavily wounded.
You barely miss the orc priest.
The orc priest is heavily wounded.
The orc priest invokes the aid of Beogh against you.
Beogh smites you!
* * * LOW HITPOINT WARNING * * *
Something hits you but does no damage.
It was a potion of mutation.
You feel extremely strange.
You feel a little pissed off.
You feel less in control of your magic. The orc priest barely misses you.
Something hits you but does no damage.
It was a potion of degeneration.
There was something very wrong with that liquid.
You feel weakened.
You feel dopey.
You feel clumsy.
The orc priest invokes the aid of Beogh against you.
Pain shoots through your body!
You die...

#.... .........#)#
.#...
.#.......#.#### (...
# #.......#....# #.
##.....#####.# #..
##...## #.# ... ####
##.####### ..#?.
##...##...##
......###
##..........#
#.)@####............
###o................
######............
##..........#
##...##...##
##########


You could see an orc priest.

Vanquished Creatures
  An orc wizard (D:3)
  4 adders (D:2)
  A white imp (D:3)
  3 worms (D:2)
  2 dart slugs
  5 ball pythons
  4 endoplasms
  A giant cockroach (D:1)
  6 goblins
  2 hobgoblins
  3 jackals (D:1)
  9 kobolds
  5 quokkas
  4 bats
  3 frilled lizards
  5 rats
58 creatures vanquished.

Notes
Turn   | Place    | Note
-------+----------+-------------------------------------------
     0 | D:1      | Ayyar the Draconian Transmuter began the quest for the Orb.
     0 | D:1      | Reached XP level 1. HP: 16/16 MP: 3/3
   206 | D:1      | Reached XP level 2. HP: 23/23 MP: 1/5
   368 | D:1      | You fall into a shaft and drop 1 floor!
   381 | D:2      | Reached XP level 3. HP: 27/28 MP: 4/6
   969 | D:2      | Reached XP level 4. HP: 36/36 MP: 5/7
  1115 | D:2      | Found a faded altar of an unknown god.
  1161 | D:2      | Reached skill level 1 in Stealth
  1393 | D:2      | Found a bloodstained altar of Trog.
  1650 | D:3      | Found an iron altar of Okawaru.
  1730 | D:3      | Reached XP level 5. HP: 15/41 MP: 5/8
  1736 | D:3      | Gained mutation: You sometimes lose your temper in combat.
                  | [potion of mutation]
  1736 | D:3      | Gained mutation: Your spells are a little harder to cast,
                  | but a little more powerful. [potion of mutation]
  1737 | D:3      | Killed from afar by an orc priest

Illustrated notes

Levels and vault maps discovered:
D:1:      lemuel_arrival_lava_pool, layout_basic
D:2:      layout_rooms, basic_altar, shapermc_ecumenical_altar_pompeii,
          st_stairs_8, minmay_domino_4
D:3:      layout_rooms, okawaru_ov_weapons_minmay

Skill      XL: |  1  2  3  4 |
---------------+-------------+-----
Dodging        | 2 |  2.3
Fighting       | 2 |  2.2
Stealth        | 1 |  1.5
Unarmed Combat | |  3.9
Spellcasting   | |  2.4
Transmutations | |  2.7

Action                     |  1- 3 |  4- 6 || total
---------------------------+-------+-------++-------
  Melee: Unarmed           |    90 |    73 ||   163
         Tailslap          |     7 |     6 ||    13
         Kick              |    18 |    16 ||    34
         Headbutt          |    13 |    13 ||    26
         Punch             |     1 |     1 ||     2
   Cast: Beastly Appendage |    19 |    18 ||    37
    Use: Potion            |       |     2 ||     2
   Stab: Sleeping          |       |     4 ||     4
 Armour: Skin              |    36 |    17 ||    53
  Dodge: Dodged            |    51 |    32 ||    83
